 Dungeon Crawl Stone Soup version 0.17.0-24-gcfadda4 (webtiles) character file.

18 ololoev the Firebug (level 2, 0/17 HPs)
             Began as an Octopode Fire Elementalist on Nov 16, 2015.
             Slain by a worm (10 damage)
             ... on level 1 of the Dungeon.
             The game lasted 00:03:41 (740 turns).

ololoev the Firebug (Octopode Fire Elementalist)     Turns: 740, Time: 00:03:42

Health: 0/17       AC:  1    Str:  7    XL:     2   Next: 70%
Magic:  2/5        EV: 12    Int: 17    God:
Gold:   75         SH:  0    Dex: 12    Spells: 1 memorised, 4 levels left

rFire  . . .     SeeInvis .     p - +1 dagger (venom)
rCold  . . .     Clarity  .     (no shield)
rNeg   . . .     SustAt   .     (helmet restricted)
rPois  .         Gourm    .     (no amulet)
rElec  .         Spirit   .     (no ring)
rCorr  .         Warding  .     (no ring)
rMut   .         Stasis   .     (no ring)
MR     .....                    (no ring)
Stlth  +++.......               (no ring)
                                (no ring)
                                (no ring)
                                (no ring)

@: very slightly contaminated, not resistant to hostile enchantments, fairly
stealthy
A: almost no armour, amphibious, 8 rings, constrict 8, camouflage 1, gelatinous
body 1
a: no special abilities


Innate Abilities, Weirdness & Mutations

You cannot wear most types of armour.
You are amphibious.
You can wear up to eight rings at the same time.
You can use your tentacles to constrict eight enemies at once.
Your skin changes colour to match your surroundings (Stealth).
Your rubbery body absorbs attacks (AC +1).

Inventory:

Hand Weapons
 m - a +0 dagger
 p - a +1 dagger of venom (weapon)
Scrolls
 f - a scroll of magic mapping {unknown}
 i - a scroll of identify {unknown}
 n - a scroll of remove curse {unknown}
Potions
 c - a potion of degeneration {unknown}
 d - a potion of flight {unknown}
 e - 2 potions of curing {unknown}
 k - a potion of heal wounds {unknown}
 l - a potion of cancellation {unknown}
Books
 a - a book of Flames

   Spells                             Type                      Level
   a - Flame Tongue                   Conjuration/Fire             1
   b - Throw Flame                    Conjuration/Fire             2
   c - Conjure Flame                  Conjuration/Fire             3
   d - Inner Flame                    Hexes/Fire                   3
   e - Sticky Flame                   Conjuration/Fire             4
   f - Fireball                       Conjuration/Fire             5
Comestibles
 b - 2 bread rations
 g - 5 fruits
 h - a meat ration
 j - a beef jerky
 o - 2 chunks of flesh


   Skills:
 - Level 2.0 Dodging
 - Level 2.6 Stealth
 - Level 2.0 Spellcasting
 + Level 2.6 Conjurations
 - Level 3.0 Fire Magic


You had 4 spell levels left.
You knew the following spells:

 Your Spells              Type           Power        Failure   Level  Hunger
a - Flame Tongue          Conj/Fire      ##...        10%         1    #......


You were on level 1 of the Dungeon.
You were not hungry.

You visited 1 branch of the dungeon, and saw 2 of its levels.

You collected 75 gold pieces.

#.# #######.###... #.#
#.......###..# #.#
#.##.......... #.#
#.##.#########
#.#####.##.# #
#..........# ###
#.......#### #..
####..####### #(#
#.....@.###.## #.#
#.##..#w##)..########.#
#รท##..#)#..............
#.#...#>##.).######.###
#.#...#.###.## #.#
#.#.........# #.#
#.......##### #.#
###.#.### #.# ##.#.#
####.#

Notes
Turn   | Place    | Note
--------------------------------------------------------------
     0 | D:1      | ololoev the Octopode Fire Elementalist began the quest for the Orb.
     0 | D:1      | Reached XP level 1. HP: 11/11 MP: 3/3
   265 | D:1      | Reached XP level 2. HP: 10/17 MP: 5/5
   740 | D:1      | Slain by a worm

Dungeon Overview and Level Annotations

Branches:
Dungeon (2/15)

Altars:


Message History

p - a +1 dagger of venom (weapon)
You closely miss the goblin. You grab the goblin. You constrict the goblin.
The goblin misses you. The worm closely misses you.
You release your grip on the goblin.
A jackal comes into view.
You miss the goblin.
The jackal barks!
You grab the goblin.
The goblin is moderately wounded.
You constrict the goblin. The goblin completely misses you.
You release your grip on the goblin.
The goblin closely misses you. The worm barely misses you.
The goblin hits you but does no damage. The worm barely misses you.
There is a stone staircase leading up here.
The goblin hits you but does no damage.
You climb upwards.
There is a stone staircase leading down here.
You hit the goblin.
The goblin is poisoned.
You grab the goblin.
The goblin is heavily wounded.
You constrict the goblin. The worm bites you. The goblin closely misses you.
You hit the goblin.
You kill the goblin!
Things that are here:
a club; a dagger; a goblin corpse
Casting: Flame Tongue
Confirm with . or Enter, or press ? or * to list all spells.
Aiming: Flame Tongue
Press: ? - help, Shift-Dir - straight line, f - worm
Aim: a worm You miscast Flame Tongue.
You are very lightly contaminated with residual magic.
You feel a strange surge of energy!
You barely miss the worm. Your grab misses the worm. You hit the worm.
The worm is poisoned.
You grab the worm. You squeeze the worm.
The worm is lightly wounded.
You constrict the worm. The worm bites you!
Ouch! That really hurt!
You die...

You could see a worm.

Vanquished Creatures
  A giant gecko (D:1)
  A giant cockroach (D:1)
  2 hobgoblins
  5 bats (D:1)
  A giant newt (D:1)
  4 goblins (D:1)
  3 kobolds
  A rat (D:1)
18 creatures vanquished.

Action                   || total
-------------------------++-------
Melee: Unarmed           ||    16
       Dagger            ||    10
 Cast: Flame Tongue      ||    13
 Stab: Sleeping          ||     5
       Distracted        ||     1

Vault maps used:
D:1:      dpeg_arrival_windows_large_door
D:2:      tgw_xom
